 Dungeon Crawl Stone Soup version 0.29-a0-872-g797fff5ad1 (webtiles) character file.

Game seed: 17808707845844195066

236 27snakeeyes612 the Skirmisher (level 6, 0/50 HPs)
             Began as a Gnoll Hunter on July 18, 2022.
             Slain by a hound (2 damage)
             ... on level 5 of the Dungeon.
             The game lasted 00:02:53 (2274 turns).

27snakeeyes612 the Skirmisher (Gnoll Hunter)        Turns: 2274, Time: 00:02:54

Health: 0/50       AC:  5    Str: 12    XL:     6   Next: 6%
Magic:  8/8        EV: 13    Int:  9    God:
Gold:   177        SH:  4    Dex: 15    Spells: 8/8 levels left

rFire   . . .      SeeInvis .   n - +7 club
rCold   . . .      Faith    +   u - +0 buckler
rNeg    . . .      Spirit   .   c - +0 leather armour
rPois   .          Reflect  .   (no helmet)
rElec   .          Harm     .   (no cloak)
rCorr   .          Rampage  .   i - +1 pair of gloves
Will    .....                   (no boots)
Stlth   ++........              l - amulet of faith
HPRegen 0.16/turn               (no ring)
MPRegen 0.11/turn               (no ring)

@: no status effects
A: fangs 1, strong nose, distributed training
a: no special abilities


You were on level 5 of the Dungeon.
You visited 1 branch of the dungeon, and saw 5 of its levels.

You collected 177 gold pieces.

Inventory:

Hand Weapons
 a - a +0 vorpal shortbow
 n - a +7 club (weapon)
Armour
 c - a +0 leather armour (worn)
 i - a +1 pair of gloves (worn)
 p - a +0 kite shield
 s - a +0 plate armour
 u - a +0 buckler (worn)
Jewellery
 l - an amulet of faith (around neck)
 w - a ring of protection from cold
Wands
 o - a wand of roots (1)
 y - a wand of charming (14)
Scrolls
 b - a scroll of immolation
 h - a scroll of fear
 j - 4 scrolls of teleportation
 k - a scroll of brand weapon
 q - 3 scrolls of identify {unknown}
 v - a scroll of noise {unknown}
Potions
 d - 2 potions of curing {unknown}
 e - a potion of invisibility {unknown}
 f - 2 potions of berserk rage {unknown}
 m - a potion of magic {unknown}
 r - a potion of lignification {unknown}
 t - 2 potions of heal wounds {unknown}
 x - a potion of flight {unknown}


   Skills:
 + Level 4.9 Fighting
 + Level 1.8 Short Blades
 + Level 1.8 Long Blades
 + Level 1.8 Axes
 + Level 1.8 Maces & Flails
 + Level 1.8 Polearms
 + Level 1.8 Staves
 + Level 8.7 Ranged Weapons
 + Level 1.8 Throwing
 + Level 1.8 Armour
 + Level 4.9 Dodging
 + Level 3.0 Stealth
 + Level 1.8 Shields
 + Level 1.8 Unarmed Combat
 + Level 1.8 Spellcasting
 + Level 1.4 Conjurations
 + Level 1.4 Hexes
 + Level 1.4 Summonings
 + Level 1.4 Necromancy
 + Level 1.4 Translocations
 + Level 1.4 Transmutations
 + Level 1.4 Fire Magic
 + Level 1.4 Ice Magic
 + Level 1.4 Air Magic
 + Level 1.4 Earth Magic
 + Level 1.4 Poison Magic
 + Level 2.0 Invocations
 + Level 1.8 Evocations


You had 8 spell levels left.
You didn't know any spells.
Your spell library contained the following spells:

 Spells                   Type           Power      Damage    Failure   Level
 Call Canine Familiar     Summ           3%         N/A       67%         3
 Portal Projectile        Hex/Tloc       6%         N/A       67%         3
 Leda's Liquefaction      Hex/Erth       1%         N/A       97%         4


Dungeon Overview and Level Annotations

Branches:
Dungeon (5/15)
 Temple: D:4-7

Altars:
Nemelex Xobeh

Shops:
D:3 (


Innate Abilities, Weirdness & Mutations

You have very sharp teeth.
Your uncanny sense of smell can sniff out nearby items.
Your experience applies equally to all skills.


Message History

Your life force feels restored.
Your Stealth skill increases to level 3!
Your Invocations skill increases to level 2!
You have reached level 6!
The hobgoblin attacks as you move away! You block the hobgoblin's attack.
Found a viscous yellow potion.
The hound closely misses you.
You closely miss the hobgoblin. Your bite misses the hobgoblin.
The hound bites you.
* * * LOW HITPOINT WARNING * * *
The hobgoblin closely misses you. The hound barely misses you.
You hit the hobgoblin.
The hobgoblin is almost dead.
The hound barely misses you. The hobgoblin closely misses you.
The hound barely misses you.
You hit the hobgoblin.
You kill the hobgoblin!
The hound bites you.
* * * LOW HITPOINT WARNING * * *
You barely miss the hound. The hound bites you but does no damage.
The hound barely misses you.
You hit the hound. Your bite misses the hound.
The hound is lightly wounded.
The hound barely misses you. The hound bites you but does no damage.
You sock the hound!
The hound is severely wounded.
The hound misses you. The hound barely misses you.
You hit the hound but do no damage. Your bite misses the hound.
The hound is severely wounded.
The hound stops to sniff the ground.
The hound bites you.
* * * LOW HITPOINT WARNING * * *
The hound bites you.
* * * LOW HITPOINT WARNING * * *
You hit the hound.
The hound is severely wounded.
The hound bites you.
* * * LOW HITPOINT WARNING * * *
The hound bites you.
You die...

## ...###
......#
......?##
......†.#
.......<##
........†##
.......#h@#
.......##..#
......#
##... ......
..... .....#
.......
.....
.......
.....!.
......#


You could see a hound.

Vanquished Creatures
  A phantom (D:4)
  A necrophage (D:5)
  Jessica (D:2)
  2 adders
  2 worms
  A dart slug (D:2)
  An orc (D:3)
  7 bats
  2 endoplasms (D:2)
  A giant cockroach (D:2)
  6 goblins
  7 hobgoblins
  4 kobolds
  2 quokkas
  5 ball pythons
  4 frilled lizards
  4 rats
51 creatures vanquished.

Notes
Turn   | Place    | Note
-------+----------+-------------------------------------------
     0 | D:1      | 27snakeeyes612 the Gnoll Hunter began the quest for the
                  | Orb.
     0 | D:1      | Reached XP level 1. HP: 20/20 MP: 1/1
   184 | D:1      | Reached XP level 2. HP: 17/26 MP: 2/2
   719 | D:2      | Reached XP level 3. HP: 31/31 MP: 3/3
   807 | D:2      | Noticed Jessica
   813 | D:2      | Killed Jessica
   814 | D:2      | Reached skill level 1 in Short Blades
   814 | D:2      | Reached skill level 1 in Long Blades
   814 | D:2      | Reached skill level 1 in Axes
   814 | D:2      | Reached skill level 1 in Maces & Flails
   814 | D:2      | Reached skill level 1 in Polearms
   814 | D:2      | Reached skill level 1 in Staves
   814 | D:2      | Reached skill level 1 in Throwing
   814 | D:2      | Reached skill level 1 in Armour
   814 | D:2      | Reached skill level 1 in Shields
   814 | D:2      | Reached skill level 1 in Unarmed Combat
   814 | D:2      | Reached skill level 1 in Spellcasting
   814 | D:2      | Reached skill level 1 in Invocations
   814 | D:2      | Reached skill level 1 in Evocations
   826 | D:2      | Reached XP level 4. HP: 16/38 MP: 5/5
  1252 | D:2      | Noticed an eye of devastation
  1259 | D:2      | Found a faded altar of an unknown god.
  1261 | D:2      | Noticed a golden eye
  1261 | D:2      | Noticed a shining eye
  1261 | D:2      | Noticed a shining eye
  1615 | D:3      | Found Iffe Fif's Antique Weapon Boutique.
  1649 | D:3      | Reached skill level 1 in Conjurations
  1649 | D:3      | Reached skill level 1 in Hexes
  1649 | D:3      | Reached skill level 1 in Summonings
  1649 | D:3      | Reached skill level 1 in Necromancy
  1649 | D:3      | Reached skill level 1 in Translocations
  1649 | D:3      | Reached skill level 1 in Transmutations
  1649 | D:3      | Reached skill level 1 in Fire Magic
  1649 | D:3      | Reached skill level 1 in Ice Magic
  1649 | D:3      | Reached skill level 1 in Air Magic
  1649 | D:3      | Reached skill level 1 in Earth Magic
  1649 | D:3      | Reached skill level 1 in Poison Magic
  2002 | D:3      | Found a sparkling altar of Nemelex Xobeh.
  2222 | D:4      | Noticed a phantom
  2227 | D:4      | Noticed a necrophage
  2231 | D:4      | Killed a phantom
  2232 | D:4      | Reached XP level 5. HP: 32/43 MP: 5/7
  2262 | D:5      | Entered Level 5 of the Dungeon
  2265 | D:5      | Reached XP level 6. HP: 14/50 MP: 8/8
  2274 | D:5      | HP: 2/50 [hound (4)]
  2274 | D:5      | Slain by a hound

Illustrated notes

Levels and vault maps discovered:
D:1:      matt_arrival_refuge, layout_rooms
D:2:      layout_rooms, hellmonk_ecumenical_altar_watching_god, uniq_jessica
D:3:      layout_rooms, mainiacjoe_overflow_surrounded_room, serial_shops, shop,
          amethyst_killhole, chequers_serial_rivers_marsh
D:4:      layout_layer_cave, gammafunk_ghost_icy,
          dilly_guarded_unrand_devastator, uniq_ijyb
D:5:      layout_cave_pods, gammafunk_temple_overflow_forgotten

Skill      XL: |  1  2  3  4  5 |
---------------+----------------+-----
Short Blades   | 1 |  1.8
Long Blades    | 1 |  1.8
Axes           | 1 |  1.8
Maces & Flails | 1 |  1.8
Polearms       | 1 |  1.8
Staves         | 1 |  1.8
Throwing       | 1 |  1.8
Armour         | 1 |  1.8
Shields        | 1 |  1.8
Unarmed Combat | 1 |  1.8
Spellcasting   | 1 |  1.8
Invocations    | 1 2 |  2.0
Evocations     | 1 |  1.8
Conjurations   | 1 |  1.4
Hexes          | 1 |  1.4
Summonings     | 1 |  1.4
Necromancy     | 1 |  1.4
Translocations | 1 |  1.4
Transmutations | 1 |  1.4
Fire Magic     | 1 |  1.4
Ice Magic      | 1 |  1.4
Air Magic      | 1 |  1.4
Earth Magic    | 1 |  1.4
Poison Magic   | 1 |  1.4
Stealth        | 3 |  3.0
Fighting       | |  4.9
Ranged Weapons | |  8.7
Dodging        | |  4.9

Action                   |  1- 3 |  4- 6 || total
-------------------------+-------+-------++-------
Melee: Club              |     6 |    73 ||    79
       Bite              |       |     5 ||     5
       Punch             |       |     1 ||     1
 Fire: Shortbow          |    61 |     3 ||    64
  Use: Scroll            |       |     4 ||     4
 Stab: Sleeping          |       |     1 ||     1
Armor: Leather armour    |     9 |    20 ||    29
       Plate armour      |       |     2 ||     2
Dodge: Dodged            |    32 |    60 ||    92
Block: Buckler           |       |    12 ||    12

Table legend: (Time is in decaauts)
 A = Elapsed time spent in this place.
 B = Non-inter-level travel time spent in this place.
 C = Inter-level travel time spent in this place.
 D = Time resting spent in this place.
 E = Time spent auto-exploring this place.
 F = Levels seen in this place.
 G = Mean time per level.
                   A        B        C        D        E       F      G
               +--------+--------+--------+--------+--------+-----+--------+
         Total |   2302 |   2177 |    125 |     17 |   1742 |   5 |  460.4 |
       Dungeon |   2302 |   2177 |    125 |     17 |   1742 |   5 |  460.4 |
               +--------+--------+--------+--------+--------+-----+--------+

Top non-repeatable levels by time:
     D:2: 905 daAuts
     D:1: 714 daAuts
     D:3: 616 daAuts
     D:4: 52 daAuts
     D:5: 14 daAuts
